 Dungeon Crawl Stone Soup version 0.22-a0-362-g535178c5c5 (webtiles) character file.

50 RKaid the Vandal (level 4, -1/29 HPs)
             Began as a Halfling Arcane Marksman on Apr 20, 2018.
             Slain by a killer bee zombie (3 damage)
             ... on level 2 of the Dungeon.
             The game lasted 00:03:36 (1237 turns).

RKaid the Vandal (Halfling Arcane Marksman)         Turns: 1237, Time: 00:03:36

Health: -1/29      AC:  2    Str:  8 (11) XL:     4   Next: 4%
Magic:  5/5        EV: 14    Int: 11 (12) God:
Gold:   108        SH:  0    Dex: 11 (14) Spells: 4/5 levels left

rFire    . . .     SeeInvis .   a - +0 hunting sling
rCold    . . .     Gourm    .   (shield restricted)
rNeg     . . .     Faith    .   l - +0 robe
rPois    .         Spirit   .   (no helmet)
rElec    .         Reflect  .   (no cloak)
rCorr    .         Harm     .   (no gloves)
MR       .....                  (no boots)
Stlth    +.........             (no amulet)
HPRegen  0.09/turn              (no ring)
MPRegen  0.09/turn              (no ring)

@: very slightly contaminated, invisible
A: small, mutation resistance 1
a: no special abilities


You were on level 2 of the Dungeon.
You were not hungry.

You visited 1 branch of the dungeon, and saw 2 of its levels.

You collected 108 gold pieces.

Inventory:

Hand Weapons
 a - a +0 hunting sling (weapon)
 b - a +0 short sword
   (You found it on level 1 of the Dungeon)
Missiles
 q - 35 sling bullets (quivered)
 s - 44 stones
Armour
 l - a +0 robe (worn)
   (You found it on level 1 of the Dungeon)
Jewellery
 n - an uncursed ring of ice {unknown}
   (You found it on level 2 of the Dungeon)
Scrolls
 c - a scroll of immolation {unknown}
 d - 2 scrolls of remove curse {unknown}
 i - 2 scrolls of teleportation {unknown}
Potions
 e - a potion of degeneration {!q}
 g - a potion of invisibility
 h - a potion of brilliance {unknown}
 j - a potion of flight {unknown}
 k - a potion of mutation {unknown}
Comestibles
 f - 2 rations
 m - 7 chunks of flesh


   Skills:
 + Level 1.9 Fighting
 * Level 5.1 Slings
 - Level 2.1 Dodging
 - Level 1.0 Spellcasting
 - Level 2.4 Hexes


You had 4 spell levels left.
You knew the following spells:

 Your Spells              Type           Power        Failure   Level  Hunger
b - Corona                Hex            #......      12%         1    ##.....


Dungeon Overview and Level Annotations

Branches:
Dungeon (2/15)

Altars:


Innate Abilities, Weirdness & Mutations

You are small and have problems with some larger weapons.
You are somewhat resistant to further mutation.


Message History

Found a faded altar of an unknown god.
s - 55 stones (gained 1)
Found a stone staircase leading down.
There is a stone staircase leading down here.
You enter the shallow water.
Moving in this stuff is going to be slow.
You enter the shallow water.
Moving in this stuff is going to be slow.
A killer bee zombie comes into view.
Firing (i - inventory. (/) - cycle)
s - 55 stones (quivered)
Press: ? - help, Shift-Dir - straight line, f - killer bee zombie
Aim: a killer bee zombie (resting)
You shoot a stone. The stone hits the killer bee zombie.
Firing (i - inventory. (/) - cycle)
s - 54 stones (quivered)
Press: ? - help, Shift-Dir - straight line, f/p - killer bee zombie
Aim: a killer bee zombie (moderately damaged)
You shoot a stone. The stone hits the killer bee zombie.
Firing (i - inventory. (/) - cycle)
s - 53 stones (quivered)
Press: ? - help, Shift-Dir - straight line, f/p - killer bee zombie
Aim: a killer bee zombie (moderately damaged)
You shoot a stone. The stone hits the killer bee zombie.
Firing (i - inventory. (/) - cycle)
s - 52 stones (quivered)
Press: ? - help, Shift-Dir - straight line, f/p - killer bee zombie
Aim: a killer bee zombie (moderately damaged)
You shoot a stone. The stone hits the killer bee zombie.
You hear a splash.
Firing (i - inventory. (/) - cycle)
s - 51 stones (quivered)
Press: ? - help, Shift-Dir - straight line, f/p - killer bee zombie
Aim: a killer bee zombie (heavily damaged)
You shoot a stone.
The stone barely misses the killer bee zombie.
The killer bee zombie closely misses you.
The killer bee zombie hits you.
Firing (i - inventory. (/) - cycle)
s - 50 stones (quivered)
Press: ? - help, Shift-Dir - straight line, f/p - killer bee zombie
Aim: a killer bee zombie (heavily damaged)
You shoot a stone.
The stone hits the killer bee zombie but does no damage.
You hear a splash.
The killer bee zombie hits you but does no damage.
The killer bee zombie completely misses you.
Firing (i - inventory. (/) - cycle)
s - 49 stones (quivered)
Press: ? - help, Shift-Dir - straight line, f/p - killer bee zombie
Aim: a killer bee zombie (heavily damaged)
You shoot a stone.
The stone closely misses the killer bee zombie.
You hear a splash.
The killer bee zombie completely misses you. x2
Firing (i - inventory. (/) - cycle)
s - 48 stones (quivered)
Press: ? - help, Shift-Dir - straight line, f/p - killer bee zombie
Aim: a killer bee zombie (heavily damaged)
You shoot a stone.
The stone barely misses the killer bee zombie.
The killer bee zombie hits you!
Firing (i - inventory. (/) - cycle)
s - 47 stones (quivered)
Press: ? - help, Shift-Dir - straight line, f/p - killer bee zombie
Aim: a killer bee zombie (heavily damaged)
You shoot a stone.
The stone barely misses the killer bee zombie.
You hear a splash.
The killer bee zombie barely misses you.
The killer bee zombie hits you.
Firing (i - inventory. (/) - cycle)
s - 46 stones (quivered)
Press: ? - help, Shift-Dir - straight line, f/p - killer bee zombie
Aim: a killer bee zombie (heavily damaged)
You shoot a stone. The stone hits the killer bee zombie.
You hear a splash.
The killer bee zombie barely misses you.
The killer bee zombie hits you.
Firing (i - inventory. (/) - cycle)
s - 45 stones (quivered)
Press: ? - help, Shift-Dir - straight line, f/p - killer bee zombie
Aim: a killer bee zombie (heavily damaged)
You shoot a stone.
The stone barely misses the killer bee zombie.
You hear a splash.
The killer bee zombie hits you!
You are too injured to fight recklessly!
Quiver which item? (- for none, * to show all) (? for menu, Esc to quit)
Quivering
q - 36 sling bullets for slings.
Firing (i - inventory. (/) - cycle)
q - 36 sling bullets (quivered)
Press: ? - help, Shift-Dir - straight line, f/p - killer bee zombie
Aim: a killer bee zombie (heavily damaged)
You shoot a sling bullet.
The sling bullet closely misses the killer bee zombie.
You hear a splash.
The killer bee zombie hits you!
* * * LOW HITPOINT WARNING * * *
The killer bee zombie barely misses you.
Unknown command.
It was a potion of invisibility.
You fade into invisibility!
The killer bee zombie misses you. x2
You are very lightly contaminated with residual magic.
It was a potion of degeneration.
There was something very wrong with that liquid.
You feel weakened.
You feel dopey.
You feel clumsy.
The killer bee zombie barely misses you.
The killer bee zombie closely misses you.
The killer bee zombie hits you.
You die...

########
#########......#
#.........≈....#
#≈.≈≈..≈≈..≈≈≈.#
#@≈≈≈≈≈≈≈≈≈≈≈≈.#
#Z≈≈≈≈≈≈≈≈≈≈≈..#
#..≈≈≈≈≈≈≈≈≈.≈.#
#.(≈≈≈...≈≈≈≈..#
#≈(≈≈≈♣_.≈≈≈.≈.#
#.≈≈≈≈≈≈≈≈≈≈...##
#≈(≈≈≈≈≈≈≈≈≈....##
#≈≈≈≈≈≈≈≈≈≈≈.≈..>.
#(≈≈≈≈≈≈≈≈≈≈.≈.###


You could see a killer bee zombie.

Vanquished Creatures
  2 adders (D:2)
  An ooze (D:2)
  A worm (D:2)
  2 dart slugs
  A giant cockroach (D:1)
  A hobgoblin (D:1)
  A quokka (D:2)
  4 bats
  2 frilled lizards (D:2)
  4 goblins
  5 kobolds (D:2)
24 creatures vanquished.

Notes
Turn   | Place    | Note
-------+----------+-------------------------------------------
     0 | D:1      | RKaid the Halfling Arcane Marksman began the quest for the Orb.
     0 | D:1      | Reached XP level 1. HP: 12/12 MP: 2/2
    82 | D:1      | Reached skill level 1 in Fighting
   371 | D:1      | Reached XP level 2. HP: 18/18 MP: 3/3
   751 | D:2      | Reached skill level 4 in Slings
  1019 | D:2      | Reached XP level 3. HP: 21/23 MP: 4/4
  1154 | D:2      | Reached skill level 5 in Slings
  1154 | D:2      | Reached XP level 4. HP: 29/29 MP: 5/5
  1198 | D:2      | Found a faded altar of an unknown god.
  1233 | D:2      | HP: 1/29 [killer bee zombie (8)]
  1237 | D:2      | Slain by a killer bee zombie

Vault maps used:
D:1:      dpeg_arrival_orchard, minmay_fountain_box, hex_medium
D:2:      chequers_ecumenical_altar_island, skrybe_limestone_x, uniq_natasha

Skill      XL: |  1  2  3 |
---------------+----------+-----
Fighting       | 1 |  1.9
Slings         | 4 5 |  5.1
Dodging        | |  2.1
Spellcasting   | |  1.0
Hexes          | |  2.4

Action                   |  1- 3 |  4- 6 || total
-------------------------+-------+-------++-------
 Fire: Hunting sling     |    82 |    15 ||    97
  Use: Potion            |       |     2 ||     2
  Eat: Chunk             |     1 |       ||     1
Armor: Robe              |     2 |     1 ||     3
Dodge: Dodged            |    23 |    12 ||    35

Table legend:
 A = Spawn XP
 B = Non-spawn XP
 C = Spawn XP percentage of total XP
 D = Spawn monster count
 E = Non-spawn monster count
 F = Spawn count percentage of total count
 G = Total turns spent on level
                    A         B        C        D         E        F      G
               +---------+---------+-------+---------+---------+-------+---------
         Total |       0 |      72 |   0.0 |       0 |      24 |   0.0 |  1237
               +---------+---------+-------+---------+---------+-------+---------
           D:1 |       0 |      14 |   0.0 |       0 |       8 |   0.0 |   960
           D:2 |       0 |      58 |   0.0 |       0 |      16 |   0.0 |   277
               +---------+---------+-------+---------+---------+-------+---------

Table legend:
 A = Turns spent in this place as a percentage of turns spent in the entire game.
 B = Non-inter-level travel turns spent in this place as a percentage of non-inter-level travel turns spent in the entire game.
 C = Inter-level travel turns spent in this place as a percentage of turns spent in this place.
 D = Turns resting spent in this place as a percentage of non-inter-level travel turns spent in this place.
 E = Turns spent auto-exploring this place as a percentage of non-inter-level travel turns spent in this place.
 F = Non-inter-level travel turns spent in this place divided by the number of levels of this place that you've seen.
                   A       B       C       D       E      F
               +-------+-------+-------+-------+-------+----------------------
         Total | 100.0 | 100.0 |   6.1 |  33.5 |  46.1 | 581.0
       Dungeon | 100.0 | 100.0 |   6.1 |  33.5 |  46.1 | 581.0
               +-------+-------+-------+-------+-------+----------------------

Table legend:
 A = Kills in this place as a percentage of kills in entire the game.
 B = Kills by you in this place as a percentage of kills by you in the entire game.
 C = Kills by friends in this place as a percentage of kills by friends in the entire game.
 D = Other kills in this place as a percentage of other kills in the entire game.
 E = Experience gained in this place as a percentage of experience gained in the entire game.
 F = Experience gained in this place divided by the number of levels of this place that you have seen.
                   A       B       C       D       E      F
               +-------+-------+-------+-------+-------+----------------------
         Total | 100.0 | 100.0 |   N/A |   N/A | 100.0 |  36.0
       Dungeon | 100.0 | 100.0 |   N/A |   N/A | 100.0 |  36.0
               +-------+-------+-------+-------+-------+----------------------
